 Dungeon Crawl Stone Soup version 0.30-b1-2-g02819fbbbe (webtiles) character file.

Game seed: 1682118307246499089

522 HoaS the Shooter (level 6, -2/48 HPs)
             Began as a Demigod Hunter on May 21, 2023.
             Slain by a black bear (3 damage)
             ... on level 4 of the Dungeon.
             The game lasted 00:05:55 (3615 turns).

HoaS the Shooter (Demigod Hunter)                   Turns: 3615, Time: 00:05:56

Health: -2/48      AC:  5    Str: 12    XL:     6   Next: 70%
Magic:  8/8        EV: 17    Int: 11    God:
Gold:   206        SH:  0    Dex: 25    Spells: 5/5 levels left

rFire   . . .        a - +0 shortbow
rCold   + + +        (shield currently unavailable)
rNeg    . . .        l - +0 leather armour of Cloud Cover {rC++}
rPois   .            (no helmet)
rElec   .            f - +0 cloak
rCorr   .            (no gloves)
SInv    .            d - +0 pair of boots
Will    .....        (no amulet)
Stlth   ++           i - ring of protection from cold
HPRegen 0.28/turn    k - +5 ring of evasion
MPRegen 0.11/turn

%: no passive effects
@: lethally poisoned (-2 -> -4), hasted, very quick
A: high MP 1, forlorn, divine attributes
a: no special abilities


You were on level 4 of the Dungeon.
You visited 1 branch of the dungeon, and saw 5 of its levels.

You collected 206 gold pieces.

Inventory:

Hand Weapons
 a - a +0 shortbow (weapon)
Armour
 d - a +0 pair of boots (worn)
 f - a +0 cloak (worn)
 l - the +0 leather armour of Cloud Cover (worn) {rC++}
   (You found it on level 4 of the Dungeon)

   rC:        It greatly protects you from cold.
Jewellery
 i - a ring of protection from cold (left hand)
 k - a +5 ring of evasion (right hand)
Wands
 m - a wand of roots (14)
Scrolls
 b - a scroll of immolation
 e - 6 scrolls of teleportation
Potions
 c - a potion of mutation
 h - a potion of attraction
 j - 2 potions of flight
 o - a potion of cancellation


   Skills:
 - Level 1.7 Fighting
 + Level 7.7 Ranged Weapons
 - Level 1.7 Dodging
 - Level 0.8 Stealth


You had 5 spell levels left.
You didn't know any spells.
Your spell library contained the following spells:

 Spells                   Type           Power      Damage    Failure   Level
 Cigotuvi's Dreadful Rot  Necr/Pois/Air  0%         N/A       56%         2
 Sublimation of Blood     Necr           0%         N/A       56%         2
 Wereblood                Tmut           0%         N/A       56%         2
 Ignite Poison            Fire/Tmut/Pois 0%         N/A       80%         3
 Petrify                  Tmut/Erth      0%         N/A       99%         4
 Freezing Cloud           Conj/Ice/Air   0%         6-21      100%        5
 Irradiate                Conj/Tmut      0%         3d11      100%        5
 Malign Gateway           Summ/Tloc      0%         N/A       100%        7
 Summon Hydra             Summ           0%         N/A       100%        7
 Summon Horrible Things   Summ           0%         N/A       100%        8


Dungeon Overview and Level Annotations

Branches:
Dungeon (5/15)
 Temple: D:4-7

Shops:
D:2 =


Innate Abilities, Weirdness & Mutations

You have an increased reservoir of magic. (+10% MP)
You shall have no god before yourself.
Your divine heritage dramatically boosts your attributes as you level up.


Message History

The black bear bites you but does no damage.
The black bear claws you but does no damage.
The black bear claws you.
You feel sick. The scorpion stings you.
You feel sick.
Okay, then.
You feel yourself speed up.
You feel sick.
The scorpion stings you but does no damage.
You shoot an arrow. The arrow barely misses the scorpion.
You feel sick.
You are no longer poisoned.
The scorpion stings you.
You are poisoned.
The scorpion poisons you!
You shoot an arrow. The arrow hits the scorpion.
The scorpion is moderately wounded.
You feel very sick. The scorpion stings you.
You shoot an arrow. The arrow hits the scorpion!
The scorpion is severely wounded.
You feel sick. The scorpion closely misses you.
You shoot an arrow. The arrow hits the scorpion.
You kill the scorpion!
You feel sick.
You shoot an arrow. The arrow barely misses the black bear.
You feel sick.
You shoot an arrow.
The arrow hits the black bear but does no damage.
You feel sick.
The black bear bites you but does no damage.
The black bear claws you.
* * * LOW HITPOINT WARNING * * *
The black bear closely misses you.
You shoot an arrow. The arrow barely misses the black bear.
You feel sick. The black bear misses you. The black bear claws you.
* * * LOW HITPOINT WARNING * * *
The black bear claws you.
* * * LOW HITPOINT WARNING * * *
You shoot an arrow.
The arrow completely misses the black bear.
* * * LOW HITPOINT WARNING * * *
You feel sick. The black bear closely misses you. The black bear claws you.
You die...

÷....###.#...#.#
#.#.#
§.....##.###.#.#
#.#.#
§§§..###.....#.#
#...# .....#
#.#####.# ##.÷#
.....###.#
#.####..#
###§###..#
#[##...)#
...###..##
#>)..#.##
....#..##
#)####.#
...#..##
#.h@...# ...#..#
######## ...#.##
#.#### ###


You could see a black bear.

Vanquished Creatures
  Menkaure (D:4)
  2 scorpions
  A hound (D:4)
  Jessica (D:2)
  An orc wizard (D:4)
  3 gnolls (D:2)
  8 adders
  3 dart slugs
  3 worms
  9 orcs
  2 ball pythons (D:2)
  7 endoplasms
  5 giant cockroaches
  6 goblins
  6 hobgoblins
  3 quokkas
  4 bats
  3 frilled lizards
  6 kobolds
  3 rats
77 creatures vanquished.

Notes
Turn   | Place    | Note
-------+----------+-------------------------------------------
     0 | D:1      | HoaS the Demigod Hunter began the quest for the Orb.
     0 | D:1      | Reached XP level 1. HP: 17/17 MP: 3/3
   141 | D:1      | Reached skill level 4 in Ranged Weapons
   147 | D:1      | Reached XP level 2. HP: 19/24 MP: 4/4
   962 | D:2      | Reached XP level 3. HP: 27/29 MP: 5/5
  1196 | D:2      | Found Qawop's Jewellery Emporium.
  1301 | D:2      | Reached skill level 5 in Ranged Weapons
  1426 | D:2      | Reached XP level 4. HP: 36/36 MP: 6/6
  1549 | D:2      | Noticed Jessica
  1552 | D:2      | Killed Jessica
  2211 | D:3      | Reached skill level 6 in Ranged Weapons
  2211 | D:3      | Reached XP level 5. HP: 31/41 MP: 7/7
  2591 | D:4      | Identified the +0 leather armour of Cloud Cover {rC++}
  2635 | D:4      | Noticed Menkaure
  2645 | D:4      | Killed Menkaure
  2646 | D:4      | Reached skill level 7 in Ranged Weapons
  2646 | D:4      | Reached XP level 6. HP: 16/48 MP: 8/8
  3399 | D:5      | Entered Level 5 of the Dungeon
  3614 | D:4      | HP: 2/48 [black bear (3)]
  3615 | D:4      | Slain by a black bear

Illustrated notes

Levels and vault maps discovered:
D:1:      tarquinn_simple_flora_water_b, layout_loops_ring,
          chequers_serial_rivers_small_a
D:2:      layout_loops_corners, serial_shops, nicolae_shop_real_fake_doors,
          uniq_jessica
D:3:      layout_basic, hellmonk_ecumenical_altar_inner_sanctum
D:4:      nicolae_BIG_FREAKIN_CUBE, layout_basic, minivault_11, uniq_menkaure
D:5:      layout_layer_cave, grunt_temple_overflow_cloverleaf,
          chequers_serial_rivers_large_b

Skill      XL: |  1  2  3  4  5 |
---------------+----------------+-----
Ranged Weapons | 4 5 6 7 |  7.7
Fighting       | |  1.7
Dodging        | |  1.7
Stealth        | |  0.8

Action                     |  1- 3 |  4- 6 || total
---------------------------+-------+-------++-------
   Fire: Shortbow          |    94 |   134 ||   228
    Use: Scroll            |     3 |     6 ||     9
         Potion            |       |     1 ||     1
 Armour: Leather armour    |    21 |    14 ||    35
  Dodge: Dodged            |    34 |    58 ||    92
